 Dungeon Crawl Stone Soup version 0.29.0-11-gd7f09526c8 (webtiles) character file.

Game seed: 6672075317897957577

3062 Arcadio the Covert (level 9, 0/68 HPs)
             Began as a Naga Ice Elementalist on Sept 1, 2022.
             Was a Believer of Cheibriados.
             Slain by an orc warrior
             ... wielding a +0 flail
              (3 damage)
             ... on level 8 of the Dungeon on Sept 2, 2022.
             The game lasted 00:26:14 (12960 turns).

Arcadio the Covert (Naga Ice Elementalist)         Turns: 12960, Time: 00:26:14

Health: 0/68       AC: 10    Str: 15    XL:     9   Next: 88%
Magic:  29/29      EV:  7    Int: 24    God:    Cheibriados [**....]
Gold:   391        SH:  0    Dex: 15    Spells: 11/22 levels left

rFire   . . .      SeeInvis +   z - +1 rapier (freeze)
rCold   . . .      Faith    .   (no shield)
rNeg    . . .      Spirit   .   A - +0 leather armour
rPois   +          Reflect  .   (no helmet)
rElec   .          Harm     .   (no cloak)
rCorr   .          Rampage  .   o - +0 pair of gloves
Will    +....                   m - +1 barding
Stlth   +++++.....              G - amulet of magic regeneration
HPRegen 0.21/turn               D - +4 ring of slaying
MPRegen 0.61/turn               E - ring of magical power

@: very slow
A: AC +3, large, see invisible, deformed body, poison resistance, slowness 2,
spit poison 1, naga tail 1
a: Spit Poison, Renounce Religion, Bend Time


You were on level 8 of the Dungeon.
You worshipped Cheibriados.
Cheibriados was pleased with you.
You visited 2 branches of the dungeon, and saw 9 of its levels.
You also visited: Sewer.

You collected 391 gold pieces.

Inventory:

Hand Weapons
 d - a +0 dagger
 p - a +2 whip of pain
 v - a +2 war axe of freezing
 x - a +0 dagger of flaming
 z - a +1 rapier of freezing (weapon)
 B - a +2 vorpal mace
 J - a +2 vampiric hand axe
 K - a +2 spear of venom
Armour
 a - a +0 robe
 m - a +1 barding (worn)
 o - a +0 pair of gloves (worn)
 A - a +0 leather armour (worn)
Jewellery
 D - a +4 ring of slaying (left hand)
 E - a ring of magical power (right hand)
 G - an amulet of magic regeneration (around neck)
Scrolls
 c - a scroll of teleportation
 f - 3 scrolls of immolation
 h - a scroll of torment
 r - a scroll of enchant armour
 w - 2 scrolls of butterflies
 C - a scroll of enchant weapon
 H - a scroll of poison {unknown}
 L - a scroll of amnesia {unknown}
Potions
 b - 2 potions of magic
 e - a potion of curing
 i - 2 potions of attraction
 j - 2 potions of mutation
 k - a potion of berserk rage {unknown}
 l - 2 potions of flight
 n - a potion of degeneration {unknown}
 q - a potion of heal wounds {unknown}
 t - 2 potions of brilliance
 I - a potion of resistance {unknown}
 M - a potion of might {unknown}
 N - 2 potions of haste {unknown}
Miscellaneous
 O - a piece from Xom's chessboard (15/15)


   Skills:
 - Level 1.5 Dodging
 + Level 12.3 Stealth
 + Level 7.4 Spellcasting
 + Level 8.7 Ice Magic
 + Level 0.7 Invocations


You had 11 spell levels left.
You knew the following spells:

 Your Spells              Type           Power      Damage    Failure   Level
a - Freeze                Ice            100%       1d11      1%          1
b - Frozen Ramparts       Ice            100%       1d16      1%          3
c - Ozocubu's Armour      Ice            50%        N/A       1%          3
d - Hailstorm             Conj/Ice       29%        3d8       14%         4

Your spell library contained the following spells:

 Spells                   Type           Power      Damage    Failure   Level
 Necrotise                Necr           32%        1d5       9%          1


Dungeon Overview and Level Annotations

Branches:
Dungeon (8/15) Zot: 39372  Temple (1/1) D:5 Zot: 8921   Sewer (visited)
   Lair: D:8-11

Altars:
Ashenzari
Cheibriados
Elyvilon
Fedhas
Gozag
Hepliaklqana
Kikubaaqudgha
Makhleb
Nemelex Xobeh
Okawaru
Qazlal
Ru
Sif Muna
Trog
Uskayaw
Vehumet
Wu Jian
Xom
Yredelemnul
Zin
The Shining One

Portals:
Abyss: D:5

Annotations:
D:5 2 transporters, enotiy's ghost, novice MiBe
D:7 Gastronok


Innate Abilities, Weirdness & Mutations

Your serpentine skin is tough. (AC +3)
You have supernaturally acute eyesight. (SInv)
Armour fits poorly on your strangely shaped body.
Your system is resistant to poisons. (rPois)
You cover ground very slowly.
You can spit poison.
You have a snake-like lower body.


Message History

Your yak appears confused.
Your yak closely misses your yak.
The vampire hits your yak. The vampire bites your yak.
Your yak dissolves into shadows! x3
The vampire points at you and mumbles some strange words.
Your orc warrior resists with significant effort.
Okay, then.
Your yak dissolves into shadows!
As you read the scroll labelled ZEIRYUM YZUQUV, it crumbles to dust.
You assume a fearsome visage.
The vampire is unaffected.
It was a scroll of fear.
As you read the scroll labelled NAOBUAGIOF, it crumbles to dust.
You hear a loud clanging noise!
It was a scroll of noise.
You hear an angry hiss.
You hear a croak.
You hear a shout!
The vampire hits your orc warrior but does no damage.
The vampire bites your orc warrior.
Your orc warrior shouts, "Die, monster!"
As you read the scroll labelled SAIKAM RIOGERU, it crumbles to dust.
You feel strangely unstable.
It was a scroll of teleportation.
The vampire hits your orc warrior! The vampire bites your orc warrior!
The vampire hits your orc warrior but does no damage.
The vampire closely misses your orc warrior.
The vampire points at you and mumbles some strange words.
Your orc warrior resists with significant effort.
A bullfrog comes into view.
Your surroundings suddenly seem different.
An orc warrior comes into view. It is wielding a +0 flail.
Found an escape hatch in the ceiling.
An orc priest comes into view.
It is wielding a +2 flail of holy wrath.
The bullfrog moves out of view.
The orc priest mumbles some strange prayers to Beogh against you.
Beogh smites you!
* * * LOW HITPOINT WARNING * * *
The orc warrior hits you with a +0 flail!
* * * LOW HITPOINT WARNING * * *
You hear a shout!
There is an escape hatch in the ceiling here.
The orc warrior hits you with a +0 flail.
You die...

##.## #..#
##.## #..#
## ##.# ###.
#.## ##...##
##.#
#.....###
#.#
#......@#
#..
#......oo.#
##.
#..........#
#.
#..........#
##
#..........#
#
#..........#
#
#..........#
#.....o....#


You could see an orc warrior, an orc priest and an orc.

Vanquished Creatures
  3 yaks (D:7)
  2 steam dragons
  A water moccasin (D:7)
  Duvessa (D:7)
  An orc warrior (D:6)
  A black bear (D:5)
  4 ogres
  A phantom (D:6)
  Blork the orc (D:6)
  4 kobold brigands
  3 necrophages
  A gnoll sergeant (D:6)
  2 scorpions
  A wight (D:6)
  Dowan (D:7)
  5 hounds
  3 orc priests
  A gnoll bouda (D:7)
  3 jellies
  2 iguanas
  3 orc wizards
  5 gnolls (D:7)
  8 adders
  2 white imps
  4 ufetubi
  6 worms
  7 dart slugs
  21 orcs
  14 ball pythons
  2 bats
  5 endoplasms
  4 giant cockroaches
  11 goblins
  5 hobgoblins
  3 jackals (D:1)
  2 quokkas
  4 frilled lizards
  19 kobolds
  7 rats
173 creatures vanquished.

Vanquished Creatures (others)
  A fungus (D:2)
  A plant (D:2)
2 creatures vanquished.

Grand Total: 175 creatures vanquished

Notes
Turn   | Place    | Note
-------+----------+-------------------------------------------
     0 | D:1      | Arcadio the Naga Ice Elementalist began the quest for the
                  | Orb.
     0 | D:1      | Reached XP level 1. HP: 15/15 MP: 3/3
   157 | D:1      | Reached XP level 2. HP: 14/22 MP: 0/5
  1041 | D:1      | Reached XP level 3. HP: 15/28 MP: 2/6
  1043 | D:1      | Reached skill level 4 in Stealth
  1282 | D:1      | Learned a level 3 spell: Frozen Ramparts
  1959 | D:2      | Found a faded altar of an unknown god.
  1967 | D:2      | Got Plato's Almanac of Unhallowed Arts
  2378 | D:2      | Reached XP level 4. HP: 36/36 MP: 8/8
  2889 | D:3      | Found a glowing drain.
  2914 | D:3      | Reached skill level 5 in Stealth
  2917 | Sewer    | Entered a sewer
  3093 | Sewer    | Reached XP level 5. HP: 34/42 MP: 7/9
  3496 | Sewer    | Learned a level 3 spell: Ozocubu's Armour
  3771 | Sewer    | Noticed a kobold brigand
  3772 | Sewer    | Noticed a kobold brigand
  3782 | Sewer    | Killed a kobold brigand
  3783 | Sewer    | Reached skill level 5 in Ice Magic
  3785 | Sewer    | Killed a kobold brigand
  3786 | Sewer    | Reached skill level 6 in Stealth
  3786 | Sewer    | Reached XP level 6. HP: 49/49 MP: 1/11
  4552 | D:3      | Found a basalt altar of Yredelemnul.
  4971 | D:3      | Found a shimmering altar of Xom.
  5334 | D:4      | Reached skill level 7 in Stealth
  5334 | D:4      | Reached XP level 7. HP: 39/55 MP: 3/13
  6170 | D:5      | Entered Level 5 of the Dungeon
  6176 | D:5      | Upgraded the game from 0.29.0-10-g45618ea6d2 to
                  | 0.29.0-11-gd7f09526c8
  6181 | D:5      | Learned a level 4 spell: Hailstorm
  6348 | D:5      | Reached skill level 8 in Stealth
  6893 | D:5      | Found a transporter.
  6903 | D:5      | Found a staircase to the Ecumenical Temple.
  6922 | Temple   | Entered the Ecumenical Temple
  6922 | Temple   | Found a transporter.
  6922 | Temple   | Found a transporter.
  6924 | Temple   | Found a transporter.
  6924 | Temple   | Found a transporter.
  6938 | Temple   | Became a worshipper of Cheibriados the Contemplative
  7009 | D:5      | Reached skill level 5 in Spellcasting
  7009 | D:5      | Reached XP level 8. HP: 62/62 MP: 15/15
  7017 | D:5      | Found a transporter.
  7085 | D:5      | Found a one-way gate to the infinite horrors of the Abyss.
  7085 | D:5      | Noticed enotiy's ghost (novice MiBe)
  7213 | D:5      | Reached skill level 9 in Stealth
  7224 | D:5      | Noticed a hornet
  8620 | D:6      | Reached * piety under Cheibriados
  8905 | D:6      | Reached skill level 10 in Stealth
  8958 | D:6      | Reached XP level 9. HP: 68/68 MP: 18/18
  8994 | D:6      | Noticed Blork the orc
  9016 | D:6      | Found a hazy altar of Hepliaklqana.
  9019 | D:6      | Found an iron altar of Okawaru.
  9177 | D:6      | Killed Blork the orc
  9582 | D:6      | Reached skill level 11 in Stealth
  9988 | D:6      | Found a hide-covered altar of Uskayaw.
 10232 | D:7      | Reached ** piety under Cheibriados
 10548 | D:7      | Noticed Dowan
 10552 | D:7      | Noticed Duvessa
 10559 | D:7      | Killed Dowan
 10563 | D:7      | Killed Duvessa
 10947 | D:7      | Reached skill level 12 in Stealth
 11289 | D:7      | Found a shimmering blue altar of Sif Muna.
 12066 | D:8      | Noticed Gastronok
 12959 | D:8      | HP: 3/68 [orc warrior/+0 flail (9)]
 12960 | D:8      | Slain by an orc warrior

Illustrated notes

Levels and vault maps discovered:
D:1:      amcnicky_arrival_single_pillar, layout_rooms, serial_rivers,
          chequers_serial_rivers_micro_c, chequers_serial_rivers_small_3,
          chequers_serial_rivers_micro_e, chequers_serial_rivers_micro_e,
          chequers_serial_rivers_micro_c, minmay_hedge_maze, patterned_corridor
D:2:      layout_loops_cross, shapermc_ecumenical_altar_rom_forum, minivault_5
D:3:      layout_rooms, mainiacjoe_overflow_big_doors,
          cheibrodos_sewer_entry_bend, st_stairs_14
D:4:      layout_cave_pools, kennysheep_nondescript
D:5:      layout_layer_cave, minmay_temple_entry_large_hall,
          gammafunk_ghost_abyssal_escape, lightli_corner_chamber
D:6:      layout_cave_pools, mainiacjoe_overflow_24_doors, jmf_multi_god_temple,
          amcnicky_mini_corridor_feature, uniq_blork_the_orc
D:7:      layout_loops_ring, mainiacjoe_overflow_alcove_1, uniq_duvessa
D:8:      layout_cave_pods, hellmonk_bongcloud_opening, nzn_life_drinkers,
          uniq_gastronok
Temple:   hellmonk_temple_divided_pantheon

Skill      XL: |  1  2  3  4  5  6  7  8  9 |
---------------+----------------------------+-----
Stealth        | 4 5 6 7 8 10 12 | 12.3
Spellcasting   | 3 4 5 6 7 |  7.4
Ice Magic      | 5 6 7 8 |  8.7
Dodging        | |  1.5
Invocations    | |  0.7

Action                   |  1- 3 |  4- 6 |  7- 9 || total
-------------------------+-------+-------+-------++-------
Melee: Dagger            |    72 |   155 |     5 ||   232
       Unarmed           |     2 |       |       ||     2
       Punch             |     1 |     2 |     2 ||     5
       Rapier            |       |       |   171 ||   171
 Cast: Freeze            |    27 |    32 |     9 ||    68
       Frozen Ramparts   |       |    11 |    28 ||    39
       Ozocubu's Armour  |       |     7 |    16 ||    23
 Abil: Spit Poison       |     4 |    10 |     3 ||    17
  Use: Scroll            |       |     4 |    14 ||    18
 Stab: Sleeping          |     6 |     9 |    12 ||    27
       Distracted        |       |       |     1 ||     1
Armor: Robe              |    15 |    61 |     5 ||    81
       Leather armour    |       |       |   129 ||   129
Dodge: Dodged            |    40 |    50 |   105 ||   195
